 Dungeon Crawl Stone Soup version 0.21.1-1-g345015f (webtiles) character file.

1220 diana the Spear-Bearer (level 8, -2/56 HPs)
             Began as a Merfolk Gladiator on June 2, 2018.
             Slain by a gnoll
             ... wielding a +0 halberd
              (10 damage)
             ... on level 5 of the Dungeon on June 3, 2018.
             The game lasted 00:08:26 (3885 turns).

diana the Spear-Bearer (Merfolk Gladiator)          Turns: 3885, Time: 00:08:26

Health: -2/56      AC:  8    Str: 14    XL:     8   Next: 47%
Magic:  8/8        EV: 14    Int:  8    God:
Gold:   132        SH:  0    Dex: 17    Spells: 7/7 levels left

rFire    . . .     SeeInvis .   a - +0 trident
rCold    . . .     Gourm    .   (no shield)
rNeg     . . .     Faith    .   b - +1 leather armour
rPois    .         Spirit   .   c - +0 helmet
rElec    .         Reflect  .   x - +2 cloak
rCorr    .         Harm     .   (no gloves)
MR       .....                  (no boots)
Stlth    +.........             (no amulet)
HPRegen  0.18/turn              e - ring of wizardry
MPRegen  0.11/turn              (no ring)

@: confused
A: change form in water, swift swim, stealthy swim
a: no special abilities


You were on level 5 of the Dungeon.
You were hungry.

You visited 1 branch of the dungeon, and saw 5 of its levels.
You also visited: Sewer.

You collected 132 gold pieces.

Inventory:

Hand Weapons
 a - a +0 trident (weapon)
Missiles
 d - 3 throwing nets (quivered)
Armour
 b - a +1 leather armour (worn)
 c - a +0 helmet (worn)
 x - a +2 cloak (worn)
Jewellery
 e - a ring of wizardry (left hand)
 w - an uncursed amulet of magic regeneration {unknown}
Scrolls
 g - 2 scrolls of remove curse
 h - a scroll of magic mapping {unknown}
 j - 2 scrolls of fear {unknown}
 k - 2 scrolls of teleportation
 m - a scroll of enchant weapon
 p - a scroll of enchant armour
 q - 3 scrolls of identify
 u - a scroll of fog
Potions
 l - a potion of resistance {unknown}
 n - a potion of degeneration {unknown}
 o - a potion of agility
 r - 3 potions of flight {unknown}
 s - 2 potions of magic {unknown}
 t - a potion of heal wounds {unknown}
 v - a potion of mutation {unknown}
Comestibles
 f - 8 rations
 z - 2 chunks of flesh


   Skills:
 - Level 2.2 Fighting
 + Level 14.0 Polearms
 - Level 2.0 Throwing
 - Level 4.0 Dodging


You had 7 spell levels left.
You didn't know any spells.

Dungeon Overview and Level Annotations

Branches:
Dungeon (5/15)
 Temple: D:4-7

Altars:
Elyvilon
Makhleb
Wu Jian
The Shining One


Message History

You start resting.
You feel sick. x6
An orc wizard is nearby!
An orc wizard is nearby!
You see here a scorpion corpse.
You feel sick.
You are no longer poisoned.
There is a stone staircase leading down here.
The orc wizard points at you and mumbles some strange words.
You are confused.
You climb downwards. 2 gnolls come into view.
The gnoll shouts! x2
The gnoll closely misses you.
There is a stone staircase leading up here.
The gnoll barely misses you.
A gnoll comes into view. It is wielding a club.
The gnoll hits you with a spear.
* * * LOW HITPOINT WARNING * * *
The gnoll hits you from afar with a halberd!
You die...

#..................(...
.........#.............
#....$...#..(..........
.......................
.)?....†....gg.........
........$g.............
......()...>..........>
..............g.........
.....?.......†..@.......
..........#....(g.......
.......#..####.###......
....$..#..####.# #####.
##..)........#.#
...............#
......†<†.......?
..............#..
..............# #


You could see a gnoll shaman and 4 gnolls.

Vanquished Creatures
  Sigmund (D:2)
  A phantom (D:4)
  5 big kobolds (Sewer)
  2 scorpions (D:4)
  A water moccasin skeleton (D:4)
  A howler monkey (D:5)
  A crimson imp (D:5)
  A hound (D:5)
  A centaur skeleton (D:4)
  4 iguanas
  A worker ant (D:5)
  8 adders
  7 oozes
  4 worms
  2 dart slugs (D:1)
  3 leopard geckos
  2 orcs (D:4)
  6 ball pythons
  8 bats
  7 giant cockroaches
  6 goblins
  2 hobgoblins (D:1)
  12 jackals
  A quokka (D:2)
  4 frilled lizards
  11 kobolds
  A quokka skeleton (D:4)
  13 rats
116 creatures vanquished.

Notes
Turn   | Place    | Note
-------+----------+-------------------------------------------
     0 | D:1      | diana the Merfolk Gladiator began the quest for the Orb.
     0 | D:1      | Reached XP level 1. HP: 16/16 MP: 1/1
    94 | D:1      | Reached skill level 5 in Polearms
    94 | D:1      | Reached XP level 2. HP: 22/22 MP: 2/2
   580 | D:1      | Reached skill level 6 in Polearms
   580 | D:1      | Reached XP level 3. HP: 27/27 MP: 3/3
  1243 | D:2      | Reached XP level 4. HP: 27/33 MP: 4/4
  1298 | D:2      | Reached skill level 7 in Polearms
  1322 | D:2      | Noticed Sigmund
  1340 | D:2      | Killed Sigmund
  1340 | D:2      | Reached skill level 9 in Polearms
  1340 | D:2      | Reached XP level 5. HP: 16/38 MP: 5/5
  1340 | D:2      | Reached XP level 6. HP: 19/44 MP: 6/6
  1800 | D:2      | Found a glowing golden altar of the Shining One.
  2107 | D:3      | Found a glowing drain.
  2130 | Sewer    | Entered a sewer
  2156 | Sewer    | Reached skill level 10 in Polearms
  2528 | Sewer    | Reached XP level 7. HP: 41/50 MP: 7/7
  2536 | Sewer    | Reached skill level 11 in Polearms
  2741 | Sewer    | Reached skill level 12 in Polearms
  3216 | D:3      | Found a white marble altar of Elyvilon.
  3393 | D:4      | Found an ornate altar of the Wu Jian Council.
  3526 | D:4      | Reached XP level 8. HP: 43/56 MP: 8/8
  3587 | D:4      | Found a burning altar of Makhleb.
  3749 | D:4      | Reached skill level 13 in Polearms
  3770 | D:5      | Entered Level 5 of the Dungeon
  3859 | D:4      | Reached skill level 14 in Polearms
  3885 | D:5      | Slain by a gnoll

Skill      XL: |  1  2  3  4  5  6  7  8 |
---------------+-------------------------+-----
Polearms       | 5 6 9 10 12 14 | 14.0
Fighting       | |  2.2
Throwing       | |  2.0
Dodging        | |  4.0

Action                   |  1- 3 |  4- 6 |  7- 9 || total
-------------------------+-------+-------+-------++-------
Melee: Trident           |   131 |   151 |   228 ||   510
       Tailslap          |       |    12 |     8 ||    20
  Use: Scroll            |       |     6 |       ||     6
       Potion            |       |       |     2 ||     2
 Stab: Sleeping          |       |       |     5 ||     5
  Eat: Chunk             |       |     5 |     4 ||     9
Armor: Leather armour    |    30 |    21 |    24 ||    75
Dodge: Dodged            |    99 |    69 |    77 ||   245
